 Dungeon Crawl Stone Soup version 0.29.1-15-g9cfb28693d (webtiles) character file.

Game seed: 2255410822354851286

569 tkbsonic5 the Cudgeller (level 7, 0/57 HPs)
             Began as a Meteoran Warper on July 8, 2023.
             Was an Initiate of Okawaru.
             Succumbed to a water moccasin's poison
             ... on level 5 of the Dungeon.
             The game lasted 00:19:15 (1891 turns).

tkbsonic5 the Cudgeller (Meteoran Warper)           Turns: 1891, Time: 00:19:15

Health: 0/57       AC: 11    Str: 15    XL:     7   Next: 91%
Magic:  12/12      EV: 12    Int: 14    God:    Okawaru [......]
Gold:   163        SH:  0    Dex: 14    Spells: 6/11 levels left

rFire   . . .      SeeInvis .   a - +1 mace
rCold   . . .      Faith    .   (no shield)
rNeg    . . .      Spirit   .   w - +4 ring mail of Unreason {rCorr}
rPois   .          Reflect  .   l - +1 helmet
rElec   .          Harm     .   (no cloak)
rCorr   +          Rampage  .   (no gloves)
Will    .....                   (no boots)
Stlth   +.........              (no amulet)
HPRegen 0.19/turn               (no ring)
MPRegen 0.13/turn               (no ring)

@: lethally poisoned (0 -> -4), glowing
A: sense surroundings 1, otherworldly, glowing, explore regen
a: Renounce Religion


You were on level 5 of the Dungeon.
You worshipped Okawaru.
Okawaru was noncommittal.
You visited 1 branch of the dungeon, and saw 5 of its levels.

You collected 163 gold pieces.

Inventory:

Hand Weapons
 a - a +1 mace (weapon)
 f - a +0 sling
 t - a +1 hand axe of freezing
Missiles
 k - 8 poisoned darts (quivered)
Armour
 b - a +0 leather armour
 l - a +1 helmet (worn)
 w - the +4 ring mail of Unreason (worn) {rCorr}
   (You found it on level 5 of the Dungeon)

   rCorr:     It protects you from acid and corrosion.
Scrolls
 c - 2 scrolls of blinking
 e - 3 scrolls of summoning
 i - 3 scrolls of teleportation
 m - a scroll of brand weapon {unknown}
 o - a scroll of butterflies {unknown}
 p - 2 scrolls of poison
 s - 2 scrolls of identify
Potions
 j - a potion of flight
 r - a potion of brilliance
 u - a potion of attraction


   Skills:
 * Level 3.5 Fighting
 * Level 5.8 Maces & Flails
 - Level 2.0 Ranged Weapons
 - Level 2.0 Throwing
 * Level 3.3 Armour
 * Level 3.9 Dodging
 - Level 2.6 Spellcasting
 * Level 2.7 Hexes
 - Level 4.5 Translocations
 - Level 1.3 Invocations


You had 6 spell levels left.
You knew the following spells:

 Your Spells              Type           Power      Damage    Failure   Level
a - Blink                 Tloc           28%        N/A       10%         2
b - Teleport Other        Tloc           14%        N/A       19%         3

Your spell library contained the following spells:

 Spells                   Type           Power      Damage    Failure   Level
 Gell's Gravitas          Tloc           14%        N/A       19%         3
 Lesser Beckoning         Tloc           14%        N/A       19%         3
 Confusing Touch          Hex            9%         N/A       38%         3
 Inner Flame              Hex/Fire       5%         N/A       58%         3
 Cause Fear               Hex            4%         N/A       80%         4
 Manifold Assault         Tloc           14%        N/A       87%         5
 Yara's Violent Unravell  Hex/Tmut       2%         3d3       100%        5
 Enfeeble                 Hex            4%         N/A       100%        7
 Discord                  Hex            4%         N/A       100%        8


Dungeon Overview and Level Annotations

Branches:
Dungeon (5/15) Zot: 1093
 Temple: D:4-7

Altars:
Okawaru

Portals:
Ossuary: D:5


Innate Abilities, Weirdness & Mutations

You passively map a small area around you.
You are easily found by Zot.
You glow in the dark.
You regain HP and MP as you explore.


Message History

The water moccasin is almost dead.
The water moccasin bites you but does no damage.
You closely miss the water moccasin.
The water moccasin is almost dead.
The water moccasin barely misses you. The water moccasin bites you!
* * * LOW HITPOINT WARNING * * *
You are lethally poisoned!
The water moccasin poisons you!
You closely miss the water moccasin.
The water moccasin is almost dead.
* * * LOW HITPOINT WARNING * * *
You feel very sick.
The water moccasin bites you but does no damage.
Unknown command.
You hit the water moccasin.
You kill the water moccasin!
Okawaru accepts your kill.
* * * LOW HITPOINT WARNING * * *
You feel very sick.
Unknown command.
Okay, then.
As you read the scroll labelled DEED YNIHY, it crumbles to dust.
It is a scroll of enchant weapon.
Your +0 mace glows red for a moment.
You hear the quick hiss of a distant avalanche of sand.
* * * LOW HITPOINT WARNING * * *
You feel very sick.
As you read the scroll labelled NUM SIEK KU COR, it crumbles to dust.
It is a scroll of amnesia.
Forget Confusing Touch, freeing 3 spell levels for a total of 6?
Your memory of Confusing Touch unravels.
* * * LOW HITPOINT WARNING * * *
You feel sick.
As you read the scroll labelled DYALAU ARCHOXIJ, it crumbles to dust.
It is a scroll of enchant armour.
Your +0 helmet glows green for a moment.
* * * LOW HITPOINT WARNING * * *
You feel sick.
Unknown command.
You die...

...#.#.#.#.#.#.#.#.#.#......#
....#.#.#.#.#.#.#.#.#.#.#####
...#.#.#.#.#.#.#.#.#.#..#
...'#.#.#.#.#.#.#.#.#.#.#
...########.##########.##
...# #...# * .# * * ...#
#.#### ., * .### #....#######
.# ####.#..@(.♣ , ##
#.#.###♣♣ , * #...# * ##### ,
*, ,, * *


There were no monsters in sight!

Vanquished Creatures
  A water moccasin (D:5)
  A black bear (D:5)
  An ice beast (D:5)
  A necrophage (D:5)
  A scorpion (D:5)
  An iguana (D:5)
  3 gnolls (D:4)
  4 adders
  A white imp (D:5)
  A worm (D:2)
  3 ball pythons
  2 bats (D:1)
  An endoplasm (D:4)
  4 goblins
  5 hobgoblins
  3 kobolds
  A quokka (D:5)
  3 frilled lizards
  4 rats
41 creatures vanquished.

Vanquished Creatures (collateral kills)
  Ijyb (D:3)
1 creature vanquished.

Grand Total: 42 creatures vanquished

Notes
Turn   | Place    | Note
-------+----------+-------------------------------------------
     0 | D:1      | tkbsonic5 the Meteoran Warper began the quest for the Orb.
     0 | D:1      | Reached XP level 1. HP: 17/17 MP: 5/5
    50 | D:2      | Reached skill level 3 in Maces & Flails
    50 | D:2      | Reached XP level 2. HP: 19/24 MP: 6/6
   166 | D:1      | Reached XP level 3. HP: 19/29 MP: 8/8
   172 | D:1      | Learned a level 2 spell: Blink
   176 | D:1      | Learned a level 3 spell: Teleport Other
   410 | D:2      | Reached skill level 4 in Maces & Flails
   703 | D:3      | Noticed Ijyb
   713 | D:3      | Killed Ijyb
   714 | D:3      | Reached XP level 4. HP: 6/37 MP: 9/9
   874 | D:3      | Reached skill level 1 in Ranged Weapons
   877 | D:3      | Reached XP level 5. HP: 21/42 MP: 10/10
  1325 | D:5      | Entered Level 5 of the Dungeon
  1340 | D:5      | Reached XP level 6. HP: 27/50 MP: 11/11
  1374 | D:5      | Learned a level 3 spell: Confusing Touch
  1464 | D:5      | Found a sand-covered staircase.
  1465 | D:5      | Found an iron altar of Okawaru.
  1483 | D:5      | Reached skill level 5 in Maces & Flails
  1483 | D:5      | Reached skill level 1 in Hexes
  1489 | D:5      | Identified the +4 ring mail of Unreason {rCorr}
  1519 | D:5      | Became a worshipper of Warmaster Okawaru
  1524 | D:5      | Noticed an ice beast
  1738 | D:5      | Killed an ice beast
  1739 | D:5      | Reached skill level 1 in Invocations
  1739 | D:5      | Reached XP level 7. HP: 31/57 MP: 10/12
  1863 | D:5      | Noticed a water moccasin
  1877 | D:5      | HP: 2/57 [water moccasin (6)]
  1887 | D:5      | Killed a water moccasin
  1890 | D:5      | HP: 1/57 [poisoned by a water moccasin]
  1891 | D:5      | Succumbed to a water moccasin's poison

Illustrated notes

Levels and vault maps discovered:
D:1:      minmay_arrival_doors, layout_rooms,
          hellmonk_ecumenical_altar_leap_of_faith
D:2:      layout_rooms, serial_glass, glass_columns_a, glass_columns_b
D:3:      layout_loops_ring, kennysheep_path_1, uniq_ijyb
D:4:      layout_loops_ring
D:5:      layout_basic, good_gods_temple_1, okawaru_metal_pillars_3,
          enter_ossuary_1, minmay_holes, uniq_edmund, uniq_eustachio

Skill      XL: |  1  2  3  4  5  6  7 |
---------------+----------------------+-----
Maces & Flails | 3 4 5 |  5.8
Throwing       | 2 |  2.0
Translocations | 4 |  4.5
Ranged Weapons | 1 2 |  2.0
Armour         | 2 3 |  3.3
Dodging        | 3 |  3.9
Hexes          | 2 |  2.7
Fighting       | 3 |  3.5
Invocations    | 1 |  1.3
Spellcasting   | |  2.6

Action                   |  1- 3 |  4- 6 |  7- 9 || total
-------------------------+-------+-------+-------++-------
Melee: Mace              |    56 |    98 |    31 ||   185
       Dagger            |     6 |       |       ||     6
       Punch             |       |     1 |       ||     1
 Fire: Sling             |     8 |     2 |       ||    10
Throw: Dart              |       |    14 |     6 ||    20
       Boomerang         |       |     7 |       ||     7
 Cast: Blink             |       |     4 |     1 ||     5
  Use: Scroll            |     1 |     7 |     4 ||    12
       Potion            |       |     3 |     2 ||     5
Armor: Leather armour    |    19 |    19 |       ||    38
       Ring mail         |       |     3 |    33 ||    36
Dodge: Dodged            |    46 |    53 |    25 ||   124
